 Dungeon Crawl Stone Soup version 0.32-a0-468-g38b2580584 (webtiles) character file.

Game seed: 3816391241495575799

303 Goblin1989 the Sneak (level 6, 0/47 HPs)
             Began as a Demonspawn Delver on Feb 25, 2024.
             Was an Initiate of Wu Jian.
             Slain by a jelly (2 damage)
             ... on level 5 of the Dungeon.
             The game lasted 00:11:09 (3843 turns).

Goblin1989 the Sneak (Demonspawn Delver)            Turns: 3843, Time: 00:11:09

Health: 0/47       AC:  0    Str: 12    XL:     6   Next: 15%
Magic:  6/6        EV:  9    Int: 13    God:    Wu Jian [......]
Gold:   254        SH:  9    Dex: 16    Spells: 5/5 levels left

rFire   . . .        a - +0 short sword
rCold   . . .        h - +0 kite shield
rNeg    . . .        i - +0 ring mail
rPois   .            o - +1 helmet
rElec   .            (no cloak)
rCorr   .            (no gloves)
SInv    .            (no boots)
Will    .....        (no amulet)
Stlth   ++           (no ring)
HPRegen 0.27/turn    (no ring)
MPRegen 0.20/turn

%: no passive effects
@: corroded, wreathed by umbra
A: magic regeneration, big brain 1, demonic touch 1, foul shadow 1
a: Renounce Religion


You were on level 5 of the Dungeon.
You worshipped Wu Jian.
Wu Jian was noncommittal.
You visited 2 branches of the dungeon, and saw 6 of its levels.

You collected 254 gold pieces.

Inventory:

Hand Weapons
 a - a +0 short sword (weapon)
Missiles
 k - 34 stones (quivered)
Armour
 h - a +0 kite shield (worn)
 i - a +0 ring mail (worn)
 o - a +1 helmet (worn)
Wands
 g - a wand of digging (2) {@v3}
 A - a wand of roots (13)
Scrolls
 c - a scroll of fog
 l - a scroll of immolation {unknown}
 n - 4 scrolls of identify {unknown}
 p - 2 scrolls of vulnerability {unknown}
 q - a scroll of poison {unknown}
 u - a scroll of teleportation {unknown}
 v - a scroll of butterflies {unknown}
 x - a scroll of revelation
 y - a scroll of brand weapon {unknown}
 z - a scroll of enchant weapon {unknown}
Potions
 f - a potion of haste {@q3,}
 r - 6 potions of curing {@q1}
 w - a potion of attraction


   Skills:
 + Level 3.6 Fighting
 * Level 3.5 Short Blades
 + Level 1.5 Armour
 + Level 2.4 Dodging
 + Level 5.3 Stealth
 + Level 2.1 Shields


You had 5 spell levels left.
You didn't know any spells.
Your spell library contained the following spells:

 Spells                   Type           Power      Damage    Failure   Level
 Shock                    Conj/Air       0%         1d3       95%         1
 Cigotuvi's Dreadful Rot  Necr/Alch/Air  0%         N/A       99%         2
 Hailstorm                Conj/Ice       0%         3d5       100%        3
 Summon Ice Beast         Ice/Summ       0%         N/A       100%        3
 Swiftness                Air            0%         N/A       100%        3
 Tukima's Dance           Hex            0%         N/A       100%        3
 Airstrike                Air            0%         2d(0-16)  100%        4
 Dispel Undead            Necr           0%         3d6       100%        4
 Ignite Poison            Fire/Alch      0%         N/A       100%        4
 Martyr's Knell           Necr/Summ      0%         N/A       100%        4
 Passage of Golubria      Tloc           0%         N/A       100%        4
 Sticky Flame             Fire/Alch      0%         2d4       100%        4
 Yara's Violent Unravell  Hex/Alch       0%         3d3       100%        5
 Death Channel            Necr           0%         N/A       100%        6
 Sculpt Simulacrum        Ice/Alch       0%         N/A       100%        6
 Ignition                 Fire           0%         3d3       100%        8


Dungeon Overview and Level Annotations

Branches:
Dungeon (5/15) Zot: 23733  Temple (1/1) D:4 Zot: 5963

Altars:
Ashenzari
Cheibriados
Gozag
Hepliaklqana
Kikubaaqudgha
Makhleb
Qazlal
Ru
Sif Muna
Trog
Wu Jian
Xom


Innate Abilities, Weirdness & Mutations

You regenerate magic rapidly.
You have an unusually large brain. (Int +2)
Your touch may inflict minor irresistible damage on your foes.
You are faintly shadowed, very rarely releasing foul flame when damaged in melee.


Message History

The iguana is almost dead.
The iguana completely misses you.
You closely miss the iguana.
The iguana is almost dead.
The iguana bites you!
The iguana is seared by the foul flame within you!
You kill the iguana!
The Council accepts your kill.
You take 12 damage, and have 35/47 hp.
MASSIVE DAMAGE!!
No target in view!
No target in view!
No target in view!
No target in view!
No target in view!
No target in view!
No target in view!
No target in view!
No target in view!
No target in view!
No target in view!
No target in view!
No target in view!
No target in view!
You hear a slurping noise.
The jelly eats the door!
A jelly comes into view.
You regained 9 hp, and now have 44/47 hp.
A jelly is nearby!
A jelly is nearby!
You lunge at the jelly.
You hit the jelly.
Your hands burn!
The jelly is moderately wounded.
You block the jelly's attack.
You take 1 damage, and have 43/47 hp.
You hit the jelly.
Your hands burn!
The jelly is moderately wounded.
You block the jelly's attack.
You barely miss the jelly.
The jelly is moderately wounded.
You block the jelly's attack.
You hit the jelly. The acid corrodes you!
Your hands burn!
The jelly is moderately wounded.
The jelly hits you but does no damage.
You take 7 damage, and have 36/47 hp.
You completely miss the jelly.
The jelly is moderately wounded.
You block the jelly's attack.
You hit the jelly but do no damage.
Your hands burn!
The jelly is moderately wounded.
You block the jelly's attack.
You take 5 damage, and have 32/47 hp.
You barely miss the jelly.
The jelly is moderately wounded.
The jelly hits you but does no damage.
You hit the jelly but do no damage.
Your hands burn!
The jelly is moderately wounded.
The jelly hits you.
You are splashed with acid!
* * * LOW HITPOINT WARNING * * *
You are too injured to fight recklessly!
You are too injured to fight recklessly!
You take 11 damage, and have 21/47 hp.
MASSIVE DAMAGE!!
You are too injured to fight recklessly!
You are too injured to fight recklessly!
You are too injured to fight recklessly!
You are too injured to fight recklessly!
You are too injured to fight recklessly!
You are too injured to fight recklessly!
You are too injured to fight recklessly!
You are too injured to fight recklessly!
You are too injured to fight recklessly!
You are too injured to fight recklessly!
You are too injured to fight recklessly!
You are too injured to fight recklessly!
You are too injured to fight recklessly!
You are too injured to fight recklessly!
You are too injured to fight recklessly!
You are too injured to fight recklessly!
You are too injured to fight recklessly!
You hit the jelly but do no damage.
Your hands burn!
* * * LOW HITPOINT WARNING * * *
The jelly is moderately wounded.
The jelly hits you.
* * * LOW HITPOINT WARNING * * *
You are splashed with acid!
* * * LOW HITPOINT WARNING * * *
You take 11 damage, and have 10/47 hp.
MASSIVE DAMAGE!!
You hit the jelly.
Your hands burn!
* * * LOW HITPOINT WARNING * * *
The jelly is moderately wounded.
The jelly completely misses you.
You take 2 damage, and have 8/47 hp.
You hit the jelly.
Your hands burn!
* * * LOW HITPOINT WARNING * * *
The jelly is heavily wounded.
The jelly barely misses you.
You take 3 damage, and have 5/47 hp.
You hit the jelly. The acid corrodes you!
Your hands burn!
* * * LOW HITPOINT WARNING * * *
The jelly is heavily wounded.
The jelly hits you.
You die... ▓···▓·▓▓▓▓▓▓▓▓ ▓▓▓·▓·▓ ██████████

▓·▓·▓ ▓▓▓▓▓▓▓ █........█
▓·▓·▓ ▓······ █........█
▓·▓·▓ ▓······ █$.......█
▓·▓·▓ ▓······
█........███.█·▓▓▓······
█.......J....█···▓······
█......@.█▓▓▓▓▓▓·▓······
█........█ ▓·········
█........█ ▓·········
█........█ ▓·········
█........█ ▓···▓▓▲▓▓▓
█........█ ▓···▓▓·▓
████∆█████████▓······▓
█..........█▓···.█████
█....███....█▓▓▓......


You could see a jelly.

Vanquished Creatures
  A phantom (D:4)
  An orc priest (D:2)
  An iguana (D:5)
  Jessica (D:2)
  7 adders
  3 dart slugs
  2 ribbon worms (D:2)
  6 orcs
  6 endoplasms
  4 giant cockroaches
  6 goblins
  8 hobgoblins
  3 jackals (D:1)
  2 quokkas
  2 ball pythons
  5 bats
  5 frilled lizards
  3 kobolds
  8 rats
74 creatures vanquished.

Notes
Turn   | Place    | Note
-------+----------+-------------------------------------------
     0 | D:5      | Goblin1989 the Demonspawn Delver began the quest for the
                  | Orb.
     0 | D:5      | Reached XP level 1. HP: 18/18 MP: 1/1
    90 | D:5      | Noticed an iguana
   170 | D:5      | Noticed an iguana
   177 | D:5      | Gained mutation: You are faintly shadowed, very rarely
                  | releasing foul flame when damaged in melee. [demonic
                  | ancestry]
   177 | D:5      | Reached XP level 2. HP: 9/24 MP: 2/2
   205 | D:4      | Reached skill level 1 in Shields
   412 | D:2      | Found a faded altar of an unknown god.
   466 | D:2      | Noticed Jessica
   607 | D:1      | Gained mutation: Your touch may inflict minor irresistible
                  | damage on your foes. [demonic ancestry]
   607 | D:1      | Reached XP level 3. HP: 29/29 MP: 3/3
  1437 | D:2      | Reached skill level 5 in Stealth
  1721 | D:2      | Reached XP level 4. HP: 32/35 MP: 4/4
  2168 | D:2      | Killed Jessica
  2169 | D:2      | Gained mutation: You have an unusually large brain. (Int
                  | +2) [demonic ancestry]
  2169 | D:2      | Reached XP level 5. HP: 41/41 MP: 5/5
  2375 | D:3      | Reached skill level 1 in Armour
  3126 | D:4      | Found a staircase to the Ecumenical Temple.
  3129 | D:4      | Noticed a phantom
  3147 | D:4      | Killed a phantom
  3148 | D:4      | Gained mutation: You regenerate magic rapidly. [demonic
                  | ancestry]
  3148 | D:4      | Reached XP level 6. HP: 45/47 MP: 6/6
  3161 | Temple   | Entered the Ecumenical Temple
  3179 | Temple   | Became a worshipper of the Wu Jian Council
  3219 | D:4      | Found a sacrificial altar of Ru.
  3760 | D:5      | Noticed a torpor snail
  3761 | D:5      | Found a snail-covered altar of Cheibriados.
  3761 | D:5      | Noticed a torpor snail
  3769 | D:5      | Noticed a torpor snail
  3843 | D:5      | HP: 1/47 [acid (4)]
  3843 | D:5      | Slain by a jelly

Illustrated notes

Levels and vault maps discovered:
D:1:      lightli_arrival_statue_moat, layout_rooms, serial_bayou_lagoon_a
D:2:      cheibrodos_pilgrimage, layout_basic, serial_rivers,
          chequers_serial_rivers_small_a, chequers_serial_rivers_room_a,
          chequers_serial_rivers_small_a, chequers_serial_rivers_micro_d,
          chequers_serial_rivers_micro_e, ebering_ecumenical_altar_webs,
          uniq_jessica
D:3:      layout_basic
D:4:      kennysheep_goblin_castle, layout_basic, overflow_temple_1_default,
          minmay_temple_entry_large_hall
D:5:      layout_basic, cheibriados_altar_2, kennysheep_generic_room_2
Temple:   nicolae_temple_bog_church

Skill      XL: |  1  2  3  4  5 |
---------------+----------------+-----
Short Blades   | 2 3 |  3.5
Shields        | 1 2 |  2.1
Stealth        | 5 |  5.3
Dodging        | 2 |  2.4
Armour         | 1 |  1.5
Fighting       | |  3.6

Action                     |  1- 3 |  4- 6 || total
---------------------------+-------+-------++-------
  Melee: Short sword       |   260 |   173 ||   433
Ability: Lunge             |       |     1 ||     1
  Evoke: Wand              |     1 |       ||     1
    Use: Scroll            |     2 |       ||     2
         Potion            |     2 |     4 ||     6
   Stab: Sleeping          |     7 |     5 ||    12
         Invisible         |       |     2 ||     2
         Distracted        |       |     1 ||     1
 Armour: Leather armour    |    64 |       ||    64
         Ring mail         |    93 |   102 ||   195
  Dodge: Dodged            |   125 |    65 ||   190
  Block: Kite shield       |   135 |    80 ||   215

Table legend: (Time is in decaauts)
 A = Elapsed time spent in this place.
 B = Non-inter-level travel time spent in this place.
 C = Inter-level travel time spent in this place.
 D = Time resting spent in this place.
 E = Time spent auto-exploring this place.
 F = Levels seen in this place.
 G = Mean time per level.
                   A        B        C        D        E       F      G
               +--------+--------+--------+--------+--------+-----+--------+
         Total |   3890 |   3782 |    108 |    437 |   1890 |   6 |  648.3 |
       Dungeon |   3854 |   3763 |     91 |    437 |   1890 |   5 |  770.8 |
        Temple |     36 |     19 |     17 |      0 |      0 |   1 |   36.0 |
               +--------+--------+--------+--------+--------+-----+--------+

Top non-repeatable levels by time:
     D:2: 1360 daAuts
     D:3: 949 daAuts
     D:1: 639 daAuts
     D:4: 557 daAuts
     D:5: 346 daAuts
  Temple: 36 daAuts
